AoeStats
← 一剑扫秋风nelson

African Clearing

504682783Analyzed
4v4 RM · 27d ago on Sep 6, 2026· 23m 3s· 8 players
Game mode
Random Map
Map size
Large (8 player)
Population
200
Speed
Normal
Resources
Standard
Victory
Conquest
Starting age
Dark Age
Ending age
Imperial Age
RankedLock teamsTeams togetherTeam positionsShared explorationLock speedFull tech treeHidden civsTurbo modeCheats
Victory
Defeat
🇨🇳 Celts · China
1906
+7
🇺🇸 Tupi · United States
1872
+8
🇦🇺 Mapuche · Australia
1854
+8
🇻🇳 Wei · Vietnam
1760
+11
🇨🇳 Bulgarians · China
1823
-13
🇨🇳 Jurchens · China
1690
-9
🇨🇳 Inca · China
1665
-8
🇨🇳 Poles · China
1488
-4
黑暗中漫舞.
11:25 Feudal Age
12:07 Double-Bit Axe
12:09 Loom
14:46 Forging
15:27 Scale Barding Armor
16:24 Bloodlines
16:43 Horse Collar
21:54 Wheelbarrow
黑炎柠檬茶
10:18 Loom
13:08 Feudal Age
14:57 Double-Bit Axe
14:53 Horse Collar
17:35 Castle Age
18:55 Bow Saw
Chase_Li
13:23 Feudal Age
14:16 Loom
17:24 Castle Age
22:46 Town Watch
Toni Kroos
9:26 Loom
11:39 Feudal Age
12:43 Double-Bit Axe
19:51 Horse Collar
20:24 Forging
23:34 Castle Age
22:42 Bloodlines
Timbrhoggvandi
11:47 Loom
13:50 Feudal Age
17:29 Castle Age
15:57 Double-Bit Axe
17:45 Fletching
21:01 Bodkin Arrow
(^)(;,,;)(^)
8:58 Loom
11:33 Feudal Age
17:11 Double-Bit Axe
18:06 Horse Collar
20:58 Fletching
21:55 Wheelbarrow
25:39 Castle Age
一剑扫秋风nelson
11:45 Feudal Age
13:08 Loom
13:14 Double-Bit Axe
15:16 Wheelbarrow
14:35 Man-at-Arms
17:24 Arson
21:20 Castle Age
19:51 Scale Mail Armor
21:05 Horse Collar
21:41 Long Swordsman
KDA HDT
5:28 Loom
12:52 Feudal Age
17:04 Castle Age
16:15 Double-Bit Axe
18:42 Bow Saw
19:33 Horse Collar
21:21 Scale Barding Armor
Connection lost

Rejoining the realm…

Still unreachable

The connection could not be restored.

Session expired

The server has moved on; the page needs a fresh start.